Map: 幽暗之塔

Players

FWHas (Has) - Winner!

  • Race: Protoss Protoss
  • League: Master

Rex

  • Race: Zerg Zerg
  • League: Grandmaster

Event: 2016 WCS Winter Challenger Taiwan

VOD

Have the link to the VOD?

Description

Time

  • Played on: Jan. 7, 2016, 5:12 a.m.
  • Length: 25:41

All games in this series

Show
View Real Time Build Order
Export as new Build Order

FWHas Protoss - Winner!

Build Orders: Nexus First 

Get SALT Encoding   

  12  0:01  Probe (Chrono Boost)  
  13  0:11  Probe (Chrono Boost)  
  14  0:18  Pylon  
  14  0:22  Probe (Chrono Boost)  
  15  0:36  Probe (Chrono Boost)  
  16  0:46  Probe (Chrono Boost)  
  17  0:58  Nexus  
  17  1:07  Gateway  
  17  1:10  Probe (Chrono Boost)  
  18  1:20  Assimilator  
  18  1:21  Probe (Chrono Boost)  
  18  1:25  Assimilator  
  19  1:31  Probe (Chrono Boost)  
  20  1:38  Gateway  
  20  1:42  Probe (Chrono Boost)  
  21  1:52  Probe (Chrono Boost)  
  22  1:56  Cybernetics Core  
  22  2:03  Probe (Chrono Boost)  
  23  2:10  Probe (Chrono Boost)  
  23  2:14  Probe (Chrono Boost)  
  25  2:20  Probe (Chrono Boost)  
  26  2:24  Probe (Chrono Boost)  
  27  2:31  Probe (Chrono Boost)  
  27  2:32  Adept (Chrono Boost)  
  27  2:33  Adept (Chrono Boost)  
  27  2:34  Warp Gate  
  27  2:35  Probe  
  33  2:39  Pylon  
  33  2:45  Mothership Core (Chrono Boost)  
  33  2:47  Probe (Chrono Boost)  
  36  2:59  Probe (Chrono Boost)  
  36  3:01  Stalker x2  
  41  3:06  Probe (Chrono Boost)  
  41  3:09  Probe (Chrono Boost)  
  43  3:16  Probe (Chrono Boost)  
  45  3:20  Probe (Chrono Boost), Pylon  
  45  3:28  Assimilator  
  45  3:29  Assimilator  
  45  3:31  Probe (Chrono Boost)  
  46  3:39  Probe (Chrono Boost)  
  45  3:42  Probe (Chrono Boost)  
  46  3:49  Probe (Chrono Boost)  
  46  3:53  Probe (Chrono Boost)  
  46  3:55  Stargate  
  46  3:56  Stargate  
  46  3:59  Pylon  
  46  4:00  Probe (Chrono Boost)  
  47  4:03  Probe (Chrono Boost)  
  47  4:05  Stargate  
  48  4:12  Probe (Chrono Boost)  
  48  4:14  Probe (Chrono Boost)  
  48  4:15  Pylon  
  50  4:23  Probe (Chrono Boost)  
  51  4:28  Protoss Air Weapons Level 1, Nexus, Pylon  
  51  4:36  Probe (Chrono Boost)  
  52  4:40  Phoenix x2 (Chrono Boost)  
  56  4:47  Pylon  
  56  4:51  Probe  
  59  4:53  Probe, Phoenix (Chrono Boost)  
  59  4:59  Gateway  
  60  5:02  Forge  
  60  5:09  Phoenix (Chrono Boost)  
  60  5:11  Phoenix (Chrono Boost)  
  64  5:15  Probe  
  64  5:18  Phoenix (Chrono Boost)  
  64  5:21  Probe  
  68  5:30  Gateway  
  68  5:31  Probe  
  68  5:33  Probe, Phoenix (Chrono Boost)  
  72  5:36  Phoenix (Chrono Boost)  
  72  5:42  Photon Cannon  
  74  5:45  Phoenix (Chrono Boost)  
  74  5:49  Probe x2  
  78  5:51  Probe  
  78  5:55  Gateway  
  79  6:01  Probe  
  80  6:04  Pylon  
  80  6:06  Phoenix (Chrono Boost)  
  80  6:09  Phoenix (Chrono Boost)  
  84  6:12  Probe x2  
  84  6:17  Pylon  
  86  6:19  Probe, Twilight Council  
  86  6:25  Assimilator  
  87  6:26  Assimilator  
  87  6:27  Probe  
  87  6:28  Probe  
  87  6:31  Phoenix (Chrono Boost)  
  91  6:39  Phoenix x2 (Chrono Boost)  
  95  6:48  Probe  
  95  6:50  Protoss Ground Weapons Level 1 (Chrono Boost)  
  96  6:59  Probe x2, Robotics Facility  
  100  7:08  Phoenix (Chrono Boost)  
  100  7:09  Resonating Glaives, Phoenix (Chrono Boost)  
  100  7:11  Phoenix (Chrono Boost)  
  104  7:16  Gateway  
  104  7:21  Gateway x2  
  104  7:24  Gateway  
  100  7:32  Phoenix (Chrono Boost)  
  100  7:34  Phoenix (Chrono Boost)  
  104  7:38  Pylon  
  104  7:41  Pylon  
  104  7:47  Warp Prism (Chrono Boost)  
  104  7:49  Nexus  
  104  7:56  Adept  
  104  7:57  Adept x2  
  112  8:18  Adept x2  
  116  8:22  Robotics Facility  
  116  8:23  Adept, Robotics Bay  
  118  8:40  Adept x2  
  122  8:42  Protoss Ground Weapons Level 2 (Chrono Boost)  
  118  8:58  Extended Thermal Lance  
  118  8:59  Pylon  
  118  9:01  Pylon  
  118  9:02  Pylon  
  118  9:11  Colossus x2 (Chrono Boost)  
  118  9:16  Probe x3  
  131  9:26  Adept x4  
  131  9:27  Adept x2  
  131  9:30  Sentry  
  123  9:55  Adept x7  
  123  9:58  Colossus x2 (Chrono Boost)  
  149  10:03  Pylon  
  149  10:04  Pylon  
  149  10:07  Assimilator x2  
  149  10:15  Gateway  
  149  10:16  Gateway  
  149  10:18  Adept x6  
  141  10:30  Adept x3  
  123  10:40  Adept x6  
  117  10:52  Adept x3  
  119  10:59  Warp Prism (Chrono Boost), Pylon  
  119  11:01  Pylon  
  119  11:03  Pylon, Adept x4  
  119  11:04  Adept x2  
  133  11:05  Protoss Ground Weapons Level 3  
  133  11:08  Mothership Core (Chrono Boost)  
  135  11:14  Adept x3  
  141  11:24  Adept x5  
  141  11:25  Observer  
  152  11:37  Colossus  
  152  11:38  Colossus  
  164  11:52  Templar Archives  
  164  11:53  Sentry  
  164  11:54  Sentry x4  
  168  11:56  Adept  
  168  11:58  Adept  
  174  12:18  Adept  
  174  12:19  Adept x7  
  186  12:34  Psionic Storm  
  182  12:46  High Templar x6  
  157  13:04  Stalker x3  
  149  13:06  Archon x2  
  149  13:07  Archon  
  143  13:19  Stalker x6  
  155  13:28  Observer x2  
  155  13:32  Stalker x3  
  163  13:36  Nexus  
  163  13:38  Pylon  
  161  13:44  High Templar x2  
  165  13:51  Stalker x2  
  165  13:53  Probe  
  170  13:56  Pylon  
  170  14:17  Nexus  
  170  14:18  Adept x4  
  170  14:19  Adept  
  177  14:35  Adept  
  176  14:40  Stalker x6  
  176  14:41  Stalker  
  189  14:58  Blink (Chrono Boost)  
  189  14:59  Stalker x2  
  185  15:07  Stalker x3  
  181  15:23  Nexus  
  181  15:45  Pylon  
  181  15:51  Stalker x3  
  187  16:00  High Templar x4  
  195  16:14  Pylon  
  195  16:16  Fleet Beacon  
  195  16:18  Pylon  
  185  16:49  Protoss Ground Armor Level 1  
  185  16:50  Probe  
  186  16:59  Anion Pulse-Crystals (Chrono Boost)  
  186  17:00  Assimilator  
  186  17:01  Probe, Assimilator  
  187  17:08  Phoenix (Chrono Boost)  
  187  17:09  Phoenix x2 (Chrono Boost)  
  187  17:23  Adept  
  187  17:24  Adept  
  187  17:29  Archon x3  
  176  17:35  High Templar x2  
  162  17:48  Phoenix x3 (Chrono Boost)  
  158  17:55  Probe  
  159  18:07  Probe  
  159  18:10  Phoenix x2 (Chrono Boost)  
  164  18:14  Phoenix (Chrono Boost)  
  164  18:19  Probe  
  165  18:21  Probe  
  165  18:25  Probe, Mothership Core  
  167  18:31  Phoenix (Chrono Boost)  
  167  18:33  Probe  
  172  18:41  Phoenix (Chrono Boost)  
  172  18:45  Probe  
  175  18:57  Probe, Phoenix (Chrono Boost)  
  178  19:46  Nexus  
  178  19:48  Protoss Air Weapons Level 2 (Chrono Boost), Pylon  
  170  20:11  Tempest (Chrono Boost)  
  170  20:12  Tempest (Chrono Boost)  
  170  20:13  Tempest (Chrono Boost)  
  182  20:31  Photon Cannon  
  182  20:33  Photon Cannon  
  182  20:35  Photon Cannon  
  182  20:36  Protoss Ground Armor Level 2  
  182  20:37  Photon Cannon  
  182  20:44  Observer x2  
  184  20:57  Assimilator, Tempest  
  184  21:01  Assimilator  
  188  21:05  Adept  
  188  21:06  Adept  
  191  21:22  Tempest  
  193  21:43  Tempest  
  197  22:41  Protoss Air Weapons Level 3 (Chrono Boost)  
  197  22:49  Probe  
  198  23:01  Probe  
  198  23:04  Protoss Ground Armor Level 3  
  199  23:29  Stargate  
  199  23:32  Stargate  
  199  23:34  Stargate  
  199  23:35  Stargate  
  189  24:14  Tempest x2 (Chrono Boost)  
  185  24:32  Tempest (Chrono Boost)  
  185  24:38  Tempest x2 (Chrono Boost)  
  187  24:59  Tempest x2 (Chrono Boost)  
  191  25:05  Tempest (Chrono Boost)  
  185  25:18  Templar Archives  
Show
View Real Time Build Order
Export as new Build Order

Rex Zerg 

Build Orders: Hatch First, Lurkers 

Get SALT Encoding   

  12  0:01  Drone  
  13  0:08  Drone  
  14  0:17  Overlord  
  14  0:24  Drone, Extractor  
  15  0:35  Drone x2  
  17  0:52  Hatchery  
  17  0:55  Drone  
  17  0:58  Drone  
  17  1:03  Extractor  
  17  1:13  Spawning Pool  
  17  1:17  Drone  
  17  1:20  Drone  
  18  1:28  Drone  
  19  1:37  Overlord  
  19  1:50  Drone  
  20  1:59  Queen  
  20  2:00  Zergling x2  
  23  2:04  Queen  
  23  2:05  Drone  
  26  2:08  Metabolic Boost  
  26  2:10  Drone  
  26  2:15  Drone  
  28  2:21  Drone  
  29  2:34  Hatchery  
  28  2:37  Drone  
  28  2:38  Drone  
  28  2:42  Drone  
  31  2:50  Overlord  
  31  2:51  Drone  
  32  2:54  Queen  
  34  2:58  Drone  
  34  3:00  Drone  
  36  3:09  Drone  
  36  3:11  Drone x3  
  36  3:12  Overlord  
  40  3:17  Zergling x6  
  42  3:20  Zergling x2  
  42  3:24  Overlord  
  43  3:31  Spore Crawler  
  40  3:36  Drone x2  
  40  3:41  Drone  
  40  3:46  Drone  
  40  3:47  Drone  
  41  3:49  Drone, Spore Crawler  
  41  3:53  Drone  
  43  3:57  Drone x2  
  43  3:58  Drone  
  43  3:59  Drone x2, Spore Crawler  
  43  4:01  Drone  
  48  4:07  Drone  
  48  4:09  Drone  
  50  4:11  Drone, Spore Crawler  
  50  4:21  Drone x2  
  50  4:23  Drone x2, Lair  
  54  4:26  Drone x2  
  54  4:28  Drone  
  54  4:30  Extractor  
  56  4:33  Overlord, Drone x2  
  56  4:35  Overlord  
  58  4:42  Overlord  
  58  4:48  Overlord  
  58  4:55  Drone x2  
  58  4:58  Drone x2  
  58  4:59  Drone x6  
  68  5:01  Overlord  
  68  5:02  Drone  
  68  5:03  Extractor  
  68  5:05  Overlord  
  68  5:12  Drone, Extractor  
  67  5:15  Evolution Chamber  
  67  5:16  Drone x2, Roach Warren  
  67  5:17  Drone x2  
  67  5:18  Drone  
  67  5:21  Spore Crawler  
  69  5:24  Drone  
  70  5:29  Spore Crawler  
  70  5:31  Drone x2, Overseer, Hydralisk Den  
  70  5:33  Overlord, Drone  
  70  5:34  Drone x3  
  74  5:40  Spore Crawler  
  74  5:41  Overlord  
  74  5:42  Drone  
  74  5:45  Zerg Missile Weapons Level 1  
  74  5:50  Overlord  
  74  5:52  Zergling x10  
  74  5:56  Overlord  
  79  5:58  Zergling x6  
  82  6:04  Hydralisk x2  
  82  6:07  Extractor  
  82  6:08  Hydralisk  
  82  6:09  Extractor  
  86  6:13  Spore Crawler  
  86  6:14  Hatchery  
  86  6:15  Hydralisk, Spore Crawler  
  86  6:17  Spore Crawler  
  84  6:19  Drone x2  
  84  6:20  Drone  
  84  6:23  Hydralisk  
  89  6:28  Drone  
  90  6:37  Drone  
  90  6:38  Drone  
  90  6:39  Drone x3  
  92  6:40  Hydralisk x4  
  92  6:44  Queen  
  92  6:46  Drone x2  
  99  6:50  Drone x3  
  99  6:52  Infestation Pit  
  99  6:54  Hydralisk  
  99  6:58  Muscular Augments  
  97  7:08  Hydralisk  
  97  7:09  Hydralisk x3  
  103  7:15  Drone  
  103  7:16  Drone  
  103  7:21  Queen  
  107  7:23  Hydralisk x2  
  107  7:24  Hydralisk  
  107  7:25  Hydralisk  
  107  7:29  Pathogen Glands  
  110  7:30  Hydralisk  
  110  7:33  Hydralisk  
  110  7:41  Hydralisk x2  
  110  7:43  Hydralisk x2  
  118  7:48  Hydralisk  
  118  7:49  Hydralisk  
  122  7:55  Hydralisk x2  
  128  8:01  Overlord  
  128  8:02  Overlord  
  128  8:06  Overlord x2  
  128  8:09  Lurker Den  
  128  8:15  Overlord x2  
  126  8:29  Hydralisk x7  
  142  8:35  Drone x3  
  142  8:37  Overlord  
  145  8:41  Hydralisk  
  145  8:49  Zergling x22  
  155  9:10  Overlord  
  155  9:12  Overlord  
  155  9:13  Infestor x4  
  155  9:16  Drone x3  
  155  9:17  Drone x5  
  168  9:26  Zergling x2  
  168  9:27  Zergling x4  
  168  9:29  Hydralisk x4  
  177  9:32  Spore Crawler  
  177  9:34  Spore Crawler  
  173  9:45  Hydralisk x6  
  162  9:48  Queen  
  176  9:56  Zerg Missile Weapons Level 2  
  176  9:58  Drone x3  
  179  10:02  Hydralisk  
  179  10:03  Zergling x4  
  182  10:14  Hydralisk  
  182  10:15  Zergling x8  
  182  10:16  Zergling x4  
  162  10:29  Hydralisk  
  162  10:30  Zergling x14  
  143  10:40  Zergling x10  
  143  10:41  Zergling x10  
  138  10:55  Spire, Roach x4  
  138  10:56  Roach x3  
  143  11:03  Evolution Chamber, Roach x6  
  154  11:07  Hatchery  
  154  11:09  Lurker x4  
  157  11:13  Spine Crawler  
  157  11:14  Spine Crawler  
  155  11:21  Roach x5  
  155  11:22  Glial Reconstitution  
  164  11:47  Overseer x2  
  164  11:48  Overseer  
  164  11:49  Pneumatized Carapace  
  160  12:11  Corruptor x8  
  171  12:17  Extractor  
  171  12:18  Extractor  
  171  12:21  Spore Crawler x2  
  167  12:23  Spore Crawler  
  167  12:25  Spore Crawler  
  167  12:26  Spore Crawler x2  
  163  12:32  Lurker x3  
  163  12:36  Zergling x16  
  163  12:37  Zergling x22  
  170  12:57  Zergling x22  
  159  13:02  Roach x5  
  159  13:05  Overseer  
  163  13:08  Drone  
  163  13:09  Drone  
  162  13:23  Mutalisk x6  
  162  13:25  Overseer  
  174  13:29  Drone x2  
  176  13:37  Mutalisk  
  176  13:39  Mutalisk  
  180  13:47  Drone  
  180  13:48  Drone x4  
  183  13:49  Drone  
  186  14:00  Zerg Flyer Weapons Level 1  
  186  14:01  Mutalisk x2  
  190  14:11  Drone x2  
  190  14:16  Hydralisk x5  
  190  14:17  Lurker  
  191  14:30  Mutalisk x2  
  194  14:33  Mutalisk  
  190  14:41  Mutalisk x2  
  189  14:51  Roach x5  
  191  15:18  Roach x2  
  191  15:19  Ravager, Roach  
  196  15:25  Mutalisk  
  196  15:35  Lurker  
  197  15:42  Mutalisk x2  
  197  15:43  Spore Crawler  
  197  15:44  Spore Crawler  
  197  15:49  Mutalisk  
  197  15:58  Mutalisk  
  197  16:03  Hatchery  
  198  16:05  Spore Crawler  
  198  16:07  Spine Crawler  
  198  16:08  Spine Crawler  
  198  16:09  Spine Crawler  
  194  16:14  Hive  
  194  16:18  Lurker  
  194  16:23  Mutalisk  
  194  16:24  Mutalisk  
  197  16:50  Spine Crawler x2, Mutalisk  
  197  16:51  Spine Crawler  
  197  16:52  Spine Crawler  
  195  16:54  Spore Crawler  
  194  17:07  Mutalisk x2  
  198  17:16  Burrow  
  198  17:20  Hatchery  
  187  17:34  Hydralisk x2  
  189  17:37  Greater Spire  
  189  17:40  Mutalisk  
  189  17:41  Mutalisk x7  
  187  17:47  Mutalisk  
  187  17:48  Mutalisk x5  
  155  17:52  Lurker x3  
  158  18:04  Lurker  
  158  18:05  Lurker  
  155  18:42  Zergling x20  
  165  18:54  Infestor  
  165  18:55  Infestor x3  
  165  19:03  Brood Lord  
  135  19:19  Corruptor  
  135  19:26  Drone x6  
  135  19:27  Drone x4  
  135  19:28  Extractor  
  135  19:29  Extractor  
  139  19:44  Spore Crawler  
  138  19:50  Spore Crawler  
  137  20:14  Brood Lord x2  
  137  20:18  Drone x3  
  140  20:24  Hatchery  
  139  20:46  Hatchery  
  139  20:47  Brood Lord  
  140  21:06  Corruptor  
  138  21:18  Drone x2  
  138  21:36  Corruptor  
  140  21:49  Extractor  
  130  22:06  Corruptor x2  
  129  22:24  Corruptor  
  129  22:57  Corruptor  
  129  22:58  Corruptor x2  
  133  22:59  Overlord  
  133  23:03  Hatchery  
  132  23:16  Overlord x2  
  132  23:24  Corruptor x3  
  140  23:58  Corruptor x3  
  144  24:12  Corruptor  
  140  24:33  Roach  
  140  24:34  Roach x2  
  144  24:43  Overseer x2  
Tags
 
Add a new tag
Caveats
  • Supply blocks, unpowered buildings, or Contaminate may cause inaccurate times.
  • Supply counts are checked every 10 seconds.